 Dungeon Crawl Stone Soup version 0.28.0-53-g5a82cb258f (webtiles) character file.

Game seed: 4840225443431301668

12 Descartes the Grasshopper (level 2, 0/22 HPs)
             Began as a Formicid Warper on June 25, 2022.
             Constricted to death by a ball python (1 damage)
             ... on level 1 of the Dungeon.
             The game lasted 00:00:36 (213 turns).

Descartes the Grasshopper (Formicid Warper)          Turns: 213, Time: 00:00:36

Health: 0/22       AC:  3    Str: 15    XL:     2   Next: 45%
Magic:  5/5        EV:  8    Int: 12    God:
Gold:   0          SH:  0    Dex: 10    Spells: 5/5 levels left

rFire   . . .      SeeInvis +   a - +0 hand axe
rCold   . . .      Faith    .   (no shield)
rNeg    . . .      Spirit   .   b - +0 leather armour
rPois   .          Reflect  .   (helmet unavailable)
rElec   .          Harm     .   (no cloak)
rCorr   .          Rampage  .   (no gloves)
Will    .....                   (no boots)
Stlth   +.........              (no amulet)
HPRegen 0.07/turn               (no ring)
MPRegen 0.09/turn               (no ring)

@: constricted
A: permanent stasis, dig shafts and tunnels, antennae 3, four strong arms
a: Dig, Shaft Self


You were on level 1 of the Dungeon.
You visited 1 branch of the dungeon, and saw 1 of its levels.

Inventory:

Hand Weapons
 a - a +0 hand axe (weapon)
 e - a +0 hunting sling
Missiles
 c - 5 boomerangs of dispersal (quivered)
 d - 20 stones
Armour
 b - a +0 leather armour (worn)


   Skills:
 - Level 2.1 Fighting
 * Level 2.3 Axes
 - Level 1.0 Throwing
 * Level 1.6 Armour
 - Level 1.7 Dodging
 + Level 0.7 Shields
 - Level 2.1 Spellcasting
 + Level 2.7 Translocations


You had 5 spell levels left.
You didn't know any spells.
Your spell library contained the following spells:

 Spells                   Type           Power      Damage    Failure   Level
 Gell's Gravitas          Tloc           8%         N/A       30%         3
 Lesser Beckoning         Tloc           8%         N/A       30%         3
 Teleport Other           Tloc           8%         N/A       30%         3
 Manifold Assault         Tloc           8%         N/A       96%         5
 Blink                    Tloc           Unusable   N/A       N/A         2

Dungeon Overview and Level Annotations

Branches:
Dungeon (1/15)

Altars:


Innate Abilities, Weirdness & Mutations

You cannot be hasted, slowed, berserked, paralysed or teleported.
You can dig through walls and to a lower floor.
You have a pair of large antennae on your head. (SInv)
Your four strong arms can wield two-handed weapons with a shield.


Message History

The goblin hits you with a +0 dagger.
You miss the goblin.
The goblin is heavily wounded.
The goblin barely misses you.
You hit the goblin but do no damage.
The goblin is heavily wounded.
The goblin hits you but does no damage.
You hit the goblin.
You kill the goblin!
You hit the hobgoblin.
The hobgoblin is moderately wounded.
You closely miss the ball python.
The hobgoblin hits you but does no damage.
The ball python bites you. The ball python grabs you.
The ball python constricts you.
You hit the ball python but do no damage.
You barely miss the hobgoblin. The ball python bites you.
The ball python constricts you. The hobgoblin hits you.
* * * LOW HITPOINT WARNING * * *
The ball python barely misses you. The ball python constricts you.
* * * LOW HITPOINT WARNING * * *
You are too injured to fight recklessly!
You are too injured to fight recklessly!
You are too injured to fight recklessly!
You are too injured to fight recklessly!
You are too injured to fight recklessly!
Unknown command.
You hit the hobgoblin.
The hobgoblin is almost dead.
You barely miss the ball python.
The hobgoblin hits you but does no damage.
The ball python bites you.
* * * LOW HITPOINT WARNING * * *
The ball python constricts you. The hobgoblin closely misses you.
You hit the hobgoblin.
You kill the hobgoblin!
You hit the ball python. The ball python bites you.
* * * LOW HITPOINT WARNING * * *
The ball python constricts you.
You die...

##...... .. ... ....###
.##. #.# ##..#
...##.###....####
......#..##.#... ####
#..#....##.#?## #...>
##..#..#..†...##
......###.....##........
#..)@S.$......##.####
##.##..##.....##.#### #
#..#.....#.......#
#.##.#####.......# #.
#.# #.......# #. ..#
#.......# #...##
#.......# #.# #.....>.#
#########


You could see a ball python.

Vanquished Creatures
  An endoplasm (D:1)
  A goblin (D:1)
  2 hobgoblins (D:1)
  3 jackals (D:1)
  A kobold (D:1)
  A ball python (D:1)
  3 rats (D:1)
12 creatures vanquished.

Notes
Turn   | Place    | Note
-------+----------+-------------------------------------------
     0 | D:1      | Descartes the Formicid Warper began the quest for the Orb.
     0 | D:1      | Reached XP level 1. HP: 16/16 MP: 3/3
    96 | D:1      | Reached XP level 2. HP: 16/22 MP: 5/5
   213 | D:1      | HP: 1/22 [ball python (2)]
   213 | D:1      | Constricted to death by a ball python

Illustrated notes

Levels and vault maps discovered:
D:1:      saegor_arrival_simple_d, layout_rooms

Action                   || total
-------------------------++-------
Melee: Hand axe          ||    28
Armor: Leather armour    ||     7
Dodge: Dodged            ||    15
